Map: Ruins of Seras

Players

State

  • Race: Protoss Protoss
  • League: Grandmaster

Classic - Winner!

  • Race: Protoss Protoss
  • League: Master

VOD

Have the link to the VOD?

Description

Time

  • Played on: Nov. 24, 2015, 9:16 p.m.
  • Length: 11:27
Show
View Real Time Build Order
Export as new Build Order

State Protoss 

Build Orders: 1 Gate Expand, Blink Stalkers 

Get SALT Encoding   

  12  0:00  Probe (Chrono Boost)  
  13  0:11  Probe (Chrono Boost)  
  14  0:18  Pylon  
  14  0:22  Probe (Chrono Boost)  
  15  0:36  Probe (Chrono Boost)  
  15  0:37  Gateway  
  16  0:46  Assimilator  
  16  0:47  Probe (Chrono Boost)  
  17  0:57  Probe (Chrono Boost)  
  18  1:08  Probe (Chrono Boost)  
  19  1:21  Nexus  
  19  1:24  Probe (Chrono Boost)  
  20  1:35  Cybernetics Core  
  20  1:37  Probe (Chrono Boost)  
  21  1:42  Assimilator  
  21  1:47  Probe (Chrono Boost)  
  22  1:54  Pylon  
  22  1:58  Probe (Chrono Boost)  
  23  2:12  Mothership Core (Chrono Boost), Adept  
  27  2:18  Warp Gate  
  27  2:31  Probe (Chrono Boost)  
  28  2:37  Twilight Council  
  28  2:39  Probe (Chrono Boost)  
  28  2:41  Probe (Chrono Boost)  
  30  2:50  Probe (Chrono Boost)  
  31  2:52  Probe (Chrono Boost)  
  31  2:58  Adept  
  31  3:00  Probe (Chrono Boost)  
  31  3:02  Probe (Chrono Boost)  
  31  3:04  Pylon  
  35  3:09  Probe (Chrono Boost)  
  36  3:13  Probe (Chrono Boost)  
  36  3:14  Blink (Chrono Boost)  
  36  3:19  Probe  
  37  3:25  Probe  
  39  3:29  Gateway, Adept  
  39  3:30  Probe  
  42  3:37  Probe  
  42  3:39  Gateway  
  42  3:40  Probe  
  44  3:52  Probe  
  44  3:54  Probe  
  41  4:03  Probe  
  41  4:06  Probe  
  41  4:07  Robotics Facility  
  39  4:13  Probe  
  40  4:18  Probe  
  40  4:24  Probe  
  41  4:30  Probe  
  43  4:31  Stalker  
  43  4:32  Stalker  
  43  4:33  Stalker  
  43  4:34  Probe  
  43  4:36  Pylon  
  50  4:42  Probe  
  51  4:48  Gateway  
  51  4:50  Warp Prism (Chrono Boost)  
  52  4:54  Probe (Chrono Boost)  
  54  5:02  Gateway  
  54  5:03  Gateway  
  54  5:08  Probe (Chrono Boost)  
  54  5:10  Probe (Chrono Boost)  
  56  5:14  Stalker  
  56  5:16  Stalker  
  60  5:24  Stalker  
  62  5:36  Pylon  
  62  5:37  Pylon  
  61  5:42  Pylon  
  58  5:56  Warp Prism  
  60  5:58  Stalker x5  
  70  6:05  Probe (Chrono Boost)  
  70  6:07  Probe (Chrono Boost)  
  72  6:16  Probe (Chrono Boost)  
  70  6:19  Probe (Chrono Boost)  
  62  6:30  Stalker x4  
  68  6:33  Assimilator  
  68  6:34  Observer  
  68  6:36  Probe (Chrono Boost)  
  68  6:38  Probe (Chrono Boost)  
  71  6:49  Nexus  
  71  6:56  Nexus  
  67  7:18  Probe (Chrono Boost)  
  67  7:20  Probe (Chrono Boost)  
  69  7:28  Stalker  
  69  7:29  Stalker x5  
  73  7:44  Probe (Chrono Boost)  
  73  7:46  Probe (Chrono Boost)  
  75  7:56  Stalker x5  
  75  7:57  Probe (Chrono Boost)  
  86  8:02  Pylon  
  86  8:03  Pylon  
  85  8:06  Probe (Chrono Boost)  
  85  8:18  Stalker  
  71  8:27  Probe (Chrono Boost)  
  71  8:28  Probe (Chrono Boost)  
  71  8:29  Assimilator  
  71  8:31  Warp Prism  
  71  8:32  Forge, Robotics Bay  
  71  8:37  Probe (Chrono Boost)  
  71  8:41  Probe (Chrono Boost)  
  75  8:48  Probe (Chrono Boost)  
  74  8:53  Probe (Chrono Boost)  
  75  8:58  Probe (Chrono Boost)  
  77  9:05  Probe (Chrono Boost), Robotics Facility  
  77  9:06  Assimilator x2  
  77  9:07  Mothership Core (Chrono Boost), Pylon  
  77  9:08  Gateway, Pylon  
  77  9:09  Probe (Chrono Boost)  
  80  9:12  Stalker x3  
  87  9:17  Probe (Chrono Boost)  
  87  9:19  Probe (Chrono Boost)  
  88  9:25  Stalker, Probe (Chrono Boost)  
  88  9:27  Stalker  
  88  9:30  Probe (Chrono Boost)  
  95  9:32  Probe (Chrono Boost)  
  95  9:36  Probe (Chrono Boost)  
  94  9:41  Probe (Chrono Boost)  
  94  9:44  Probe (Chrono Boost)  
  90  9:45  Disruptor  
  91  9:55  Stalker x3  
  97  10:06  Disruptor  
  100  10:13  Zealot x3  
  106  10:24  Adept x4, Nexus  
  106  10:27  Pylon  
  105  10:47  Probe (Chrono Boost)  
  105  10:49  Probe (Chrono Boost), Disruptor  
  103  10:52  Stalker x3  
  100  11:08  Adept x3  
  86  11:12  Adept x4  
  86  11:14  Probe (Chrono Boost)  
  86  11:16  Probe (Chrono Boost)  
Show
View Real Time Build Order
Export as new Build Order

Classic Protoss - Winner!

Build Orders: 1 Gate Expand, Phoenix Opening 

Get SALT Encoding   

  12  0:01  Probe (Chrono Boost)  
  13  0:11  Probe (Chrono Boost)  
  14  0:19  Pylon  
  14  0:22  Probe (Chrono Boost)  
  15  0:37  Probe (Chrono Boost)  
  15  0:38  Gateway  
  16  0:48  Probe (Chrono Boost)  
  16  0:49  Assimilator  
  17  0:58  Probe (Chrono Boost)  
  18  1:09  Probe (Chrono Boost)  
  19  1:19  Probe (Chrono Boost)  
  20  1:25  Nexus  
  20  1:30  Probe (Chrono Boost)  
  21  1:36  Cybernetics Core  
  21  1:40  Probe (Chrono Boost)  
  21  1:44  Assimilator  
  22  1:54  Gateway  
  22  2:01  Pylon  
  22  2:04  Probe (Chrono Boost)  
  23  2:19  Adept (Chrono Boost)  
  23  2:20  Mothership Core (Chrono Boost)  
  23  2:21  Warp Gate  
  27  2:38  Probe x2 (Chrono Boost)  
  27  2:41  Adept (Chrono Boost)  
  31  2:46  Adept (Chrono Boost)  
  31  2:50  Probe x2  
  34  2:59  Stargate  
  34  3:02  Probe (Chrono Boost)  
  34  3:04  Probe (Chrono Boost)  
  36  3:13  Probe (Chrono Boost)  
  36  3:15  Probe (Chrono Boost)  
  38  3:21  Pylon  
  38  3:24  Probe (Chrono Boost)  
  38  3:25  Probe (Chrono Boost)  
  40  3:34  Stalker  
  42  3:35  Probe (Chrono Boost)  
  42  3:36  Probe (Chrono Boost)  
  44  3:42  Pylon, Phoenix  
  46  3:49  Probe x2 (Chrono Boost)  
  48  4:00  Probe x2 (Chrono Boost)  
  50  4:07  Phoenix  
  52  4:10  Probe x2 (Chrono Boost)  
  52  4:13  Assimilator  
  50  4:17  Assimilator  
  50  4:22  Probe x2 (Chrono Boost)  
  50  4:24  Robotics Facility  
  50  4:32  Phoenix (Chrono Boost)  
  50  4:35  Gateway x2  
  50  4:36  Probe x2 (Chrono Boost)  
  54  4:41  Sentry  
  54  4:44  Pylon  
  56  4:46  Probe (Chrono Boost)  
  56  4:47  Probe (Chrono Boost)  
  58  4:53  Forge  
  58  4:54  Stalker  
  60  5:02  Pylon, Phoenix (Chrono Boost)  
  62  5:08  Stalker  
  64  5:17  Observer (Chrono Boost)  
  64  5:18  Pylon  
  65  5:21  Probe x2  
  67  5:28  Protoss Ground Weapons Level 1  
  67  5:31  Zealot x2  
  75  5:36  Stalker, Immortal (Chrono Boost)  
  77  5:46  Stalker  
  79  5:50  Phoenix  
  79  5:53  Pylon  
  81  6:00  Pylon  
  81  6:01  Pylon  
  81  6:05  Stalker  
  81  6:06  Stalker  
  89  6:12  Immortal (Chrono Boost)  
  89  6:15  Stalker  
  87  6:20  Stalker  
  83  6:30  Phoenix  
  81  6:39  Pylon  
  83  6:40  Stalker x2  
  83  6:46  Immortal (Chrono Boost), Zealot x2  
  95  6:52  Twilight Council  
  93  7:16  Stalker x2  
  93  7:17  Stalker x2  
  101  7:23  Immortal (Chrono Boost)  
  101  7:29  Pylon  
  105  7:31  Pylon  
  105  7:37  Probe x2, Protoss Ground Weapons Level 2  
  101  7:54  Probe x2  
  101  7:58  Immortal (Chrono Boost), Nexus  
  107  7:59  Pylon  
  107  8:01  Zealot  
  107  8:11  Zealot x4  
  101  8:23  Oracle  
  101  8:24  Probe x2  
  101  8:32  Observer (Chrono Boost)  
  105  8:37  Zealot x2  
  105  8:38  Zealot x2  
  105  8:39  Charge  
  113  8:46  Mothership Core  
  115  8:52  Probe  
  115  8:53  Pylon  
  115  8:55  Immortal (Chrono Boost)  
  120  8:57  Oracle  
  123  9:04  Probe  
  123  9:09  Probe x2  
  125  9:17  Probe  
  127  9:21  Probe  
  127  9:23  Zealot x3  
  131  9:25  Zealot  
  133  9:36  Immortal (Chrono Boost)  
  135  10:00  Gateway  
  135  10:01  Gateway  
  135  10:04  Gateway  
  135  10:06  Gateway  
  135  10:09  Warp Prism (Chrono Boost)  
  135  10:13  Zealot x4  
  145  10:19  Pylon  
  145  10:20  Pylon  
  145  10:22  Pylon  
  145  10:23  Pylon  
  143  10:39  Nexus  
  143  10:41  Pylon  
  143  10:54  Phoenix  
  127  11:17  Zealot x4  
  127  11:26  Zealot x4  
Tags
 
Add a new tag
Caveats
  • Supply blocks, unpowered buildings, or Contaminate may cause inaccurate times.
  • Supply counts are checked every 10 seconds.